 Dungeon Crawl Stone Soup version 0.23.2-33-g5129a83184 (webtiles) character file.

Game seed: 12440087430392072048

835 Descartes the Sneak (level 7, 0/38 HPs)
             Began as a Vine Stalker Wanderer on July 2, 2019.
             Was an Initiate of Dithmenos.
             Slain by a killer bee (5 damage)
             ... on level 4 of the Dungeon.
             The game lasted 00:11:31 (4163 turns).

Descartes the Sneak (Vine Stalker Wanderer)         Turns: 4163, Time: 00:11:32

Health: 0/38       AC:  8    Str: 13    XL:     7   Next: 98%
Magic:  0/20       EV: 12    Int: 14    God:    Dithmenos [......]
Gold:   195        SH:  0    Dex: 19    Spells: 11/11 levels left

rFire    . . .     SeeInvis .   a - +2 short sword
rCold    . . .     Gourm    .   (no shield)
rNeg     . . .     Faith    .   l - +0 ring mail
rPois    .         Spirit   +   (no helmet)
rElec    .         Reflect  .   (no cloak)
rCorr    .         Harm     .   (no gloves)
MR       .....                  x - +0 pair of boots
Stlth    +++.......             (no amulet)
HPRegen  0.52/turn              h - +2 ring of dexterity
MPRegen  0.17/turn              s - ring of magical power

@: no status effects
A: fangs 2, iridescent scales 1, clever 1, regeneration 1, magic shield,
antimagic bite, no potion heal 3, rot immunity
a: Renounce Religion


You were on level 4 of the Dungeon.
You worshipped Dithmenos.
Dithmenos was noncommittal.
You were hungry.

You visited 1 branch of the dungeon, and saw 5 of its levels.

You collected 195 gold pieces.

Inventory:

Hand Weapons
 a - a +2 short sword (weapon)
 b - a +0 blowgun
 d - a +0 mace
 y - a +0 battleaxe
 D - a +0 rapier
 E - a +1 quarterstaff of speed
Missiles
 c - 42 poisoned needles
 r - 37 arrows
Armour
 e - a +0 robe
 l - a +0 ring mail (worn)
 x - a +0 pair of boots (worn)
Jewellery
 h - a +2 ring of dexterity (left hand)
 s - a ring of magical power (right hand)
Wands
 p - a wand of random effects (11)
Scrolls
 g - 2 scrolls of amnesia {unknown}
 i - 2 scrolls of immolation {unknown}
 j - 2 scrolls of remove curse {unknown}
 k - 2 scrolls of fear {unknown}
 o - a scroll of noise {unknown}
 v - a scroll of enchant weapon {unknown}
 w - 3 scrolls of teleportation {unknown}
 F - 2 scrolls of fog {unknown}
Potions
 n - 2 potions of degeneration
 q - 2 potions of cancellation
 t - a potion of magic {unknown}
 B - a potion of flight
 C - a potion of brilliance {unknown}
 G - a potion of berserk rage
Comestibles
 f - 12 rations


   Skills:
 + Level 4.4 Fighting
 + Level 2.5 Short Blades
   Level 1.0 Crossbows
 - Level 1.0 Throwing
 + Level 2.4 Armour
 * Level 3.0 Dodging
 * Level 5.4 Stealth
   Level 1.0 Shields
 + Level 2.5 Unarmed Combat
 + Level 2.6 Spellcasting


You had 11 spell levels left.
You didn't know any spells.
Your spell library was empty.

Dungeon Overview and Level Annotations

Branches:
Dungeon (5/15)
 Temple: D:4-7

Altars:
Dithmenos
Elyvilon
Trog
Vehumet
Yredelemnul

Annotations:
D:4 exclusion: statue


Innate Abilities, Weirdness & Mutations

You have extremely sharp teeth.
Your natural rate of healing is unusually fast.
When hurt, damage is shared between your health and your magic reserves.
Your bite disrupts and absorbs the magic of your enemies.
Potions cannot restore your health.
You are immune to rotting.
You are partially covered in iridescent scales. (AC +2)
Your mind is acute. (Int +2)


Message History

* * * LOW HITPOINT WARNING * * *
The killer bee closely misses you. x2; The killer bee misses you.
The killer bee stings you but does no damage.
Your system rejects the healing.
You feel better. The killer bee closely misses you.
The killer bee stings you but does no damage.
The killer bee stings you.
* * * LOW HITPOINT WARNING * * *
The killer bee misses you. The killer bee barely misses you. x2
The killer bee stings you but does no damage. x2
Okay, then.
Evoke which item? (* to show all) (? for menu, Esc to quit)
Aiming: Random Effects
Press: ? - help, Shift-Dir - straight line, f - killer bee
Aim: a killer bee The killer bee seems to speed up.
The killer bee closely misses you. x2
The killer bee stings you.
* * * LOW HITPOINT WARNING * * *
The killer bee misses you. The killer bee stings you!
You die...

##............#.....#
###........####...##
##..<....## #...# ###
#...##...## #...# #.#
##..####...# #...# #.#
#..## ##..## #...#
#.###...## ##..###..<#
##.#....y## #...##...##
#......y@#
##...#....###
##.....yy##
##.......##.
##.......###
#..........
##........####.........
###
##..........#.........
#.##
##...................
#..#
##..................
#..#
##...........###...
#..# #..........## ####


You could see 4 killer bees.

Vanquished Creatures
  Sigmund (D:2)
  Eustachio (D:4)
  A phantom (D:3)
  2 hounds
  2 orc wizards (D:4)
  Natasha (thrice) (D:2)
  3 worker ants (D:4)
  7 adders
  3 gnolls (D:3)
  An ooze (D:2)
  6 worms
  2 leopard geckos
  4 orcs
  3 ball pythons
  14 bats
  8 giant cockroaches
  7 goblins
  4 hobgoblins
  5 kobolds
  4 quokkas
  8 frilled lizards
  10 rats
  A spectral orc (D:2)
100 creatures vanquished.

Notes
Turn   | Place    | Note
-------+----------+-------------------------------------------
     0 | D:1      | Descartes the Vine Stalker Wanderer began the quest for the
                  | Orb.
     0 | D:1      | Descartes set off with the following items: a +2 short
                  | sword, a +0 mace, 11 poisoned needles, a +0 blowgun, a +0
                  | robe, a ration
     0 | D:1      | Reached XP level 1. HP: 12/12 MP: 2/2
   215 | D:1      | Reached XP level 2. HP: 17/17 MP: 3/3
   499 | D:1      | Reached skill level 2 in Stealth
   499 | D:1      | Reached XP level 3. HP: 19/21 MP: 4/4
  1191 | D:2      | Noticed Sigmund
  1207 | D:2      | Killed Sigmund
  1207 | D:2      | Reached skill level 1 in Dodging
  1207 | D:2      | Reached skill level 3 in Stealth
  1207 | D:2      | Reached skill level 1 in Unarmed Combat
  1207 | D:2      | Reached skill level 1 in Spellcasting
  1207 | D:2      | Gained mutation: Your natural rate of healing is unusually
                  | fast. [Vine Stalker growth]
  1207 | D:2      | Reached XP level 4. HP: 18/25 MP: 5/7
  1207 | D:2      | Reached XP level 5. HP: 21/29 MP: 5/8
  1249 | D:2      | Noticed Natasha
  1258 | D:2      | Killed Natasha
  1258 | D:2      | Reached XP level 6. HP: 23/33 MP: 6/9
  1264 | D:2      | Noticed Natasha
  1269 | D:2      | Killed Natasha
  1406 | D:2      | Found a basalt altar of Yredelemnul.
  1667 | D:2      | Noticed Natasha
  1675 | D:2      | Killed Natasha
  1741 | D:2      | Reached skill level 4 in Stealth
  1831 | D:2      | Noticed a moth of wrath
  1834 | D:2      | Found a bloodstained altar of Trog.
  2447 | D:3      | Noticed a phantom
  2462 | D:3      | Killed a phantom
  2462 | D:3      | Reached XP level 7. HP: 34/37 MP: 11/11
  2688 | D:3      | Found a white marble altar of Elyvilon.
  3095 | D:4      | Noticed Eustachio
  3109 | D:4      | Killed Eustachio
  3109 | D:4      | Reached skill level 5 in Stealth
  3195 | D:4      | Found a radiant altar of Vehumet.
  3487 | D:4      | Found a shadowy altar of Dithmenos.
  3999 | D:4      | Gained mutation: Armour fits poorly on your strangely
                  | shaped body. [potion of mutation]
  3999 | D:4      | Gained mutation: Your mind is acute. (Int +2) [potion of
                  | mutation]
  3999 | D:4      | Lost mutation: Armour fits poorly on your strangely shaped
                  | body. [potion of mutation]
  3999 | D:4      | Gained mutation: You are partially covered in iridescent
                  | scales. (AC +2) [potion of mutation]
  4105 | D:4      | Became a worshipper of Dithmenos the Shadowed
  4130 | D:5      | Entered Level 5 of the Dungeon
  4163 | D:4      | Slain by a killer bee

Skill      XL: |  1  2  3  4  5  6  7 |
---------------+----------------------+-----
Stealth        | 2 3 4 5 |  5.4
Fighting       | 4 |  4.4
Dodging        | 1 2 3 |  3.0
Unarmed Combat | 1 2 |  2.5
Spellcasting   | 1 2 |  2.6
Armour         | 2 |  2.4
Short Blades   | 2 |  2.5
Crossbows      | |  1.0
Throwing       | |  1.0
Shields        | |  1.0

Action                   |  1- 3 |  4- 6 |  7- 9 || total
-------------------------+-------+-------+-------++-------
Melee: Short sword       |    88 |   131 |   116 ||   335
       Bite              |    17 |    32 |    28 ||    77
       Punch             |       |     1 |     2 ||     3
Evoke: Wand              |       |       |     1 ||     1
  Use: Scroll            |       |       |     6 ||     6
       Potion            |       |       |     2 ||     2
 Stab: Sleeping          |     5 |     5 |     6 ||    16
       Distracted        |     1 |       |       ||     1
  Eat: Chunk             |     1 |     4 |     5 ||    10
Armor: Robe              |     6 |       |       ||     6
       Ring mail         |    11 |    38 |    53 ||   102
Dodge: Dodged            |    52 |    74 |    97 ||   223
